 Dungeon Crawl Stone Soup version 0.31-a0-1522-g43313d8a59 (webtiles) character file.

Game seed: 17383700820567937142

27 TheScarfBastard the Trooper (level 2, -1/27 HPs)
             Began as a Minotaur Berserker on Dec 31, 2023.
             Was a Follower of Trog.
             Slain by Sigmund
             ... wielding a +0 scythe
              (6 damage)
             ... on level 2 of the Dungeon.
             The game lasted 00:01:59 (977 turns).

TheScarfBastard the Trooper (Minotaur Berserker)     Turns: 977, Time: 00:01:59

Health: -1/27      AC:  5    Str: 21    XL:     2   Next: 93%
Magic:  1/1        EV: 12    Int:  4    God:    Trog [*.....]
Gold:   38         SH:  0    Dex:  9    Spells: 1/1 levels left

rFire   . . .        a - +1 hand axe
rCold   + . .        (no shield)
rNeg    . . .        c - +2 leather armour {rC+}
rPois   .            (helmet restricted)
rElec   .            (no cloak)
rCorr   .            (no gloves)
SInv    .            (no boots)
Will    .....        g - amulet of reflection Stlth
                     (no ring)
HPRegen 0.24/turn    (no ring)
MPRegen 0.07/turn

%: reflection
@: confused
A: horns 2, retaliatory headbutt
a: Renounce Religion, Berserk


You were on level 2 of the Dungeon.
You worshipped Trog.
Trog was aware of your devotion.
You visited 1 branch of the dungeon, and saw 2 of its levels.

You collected 38 gold pieces.

Inventory:

Hand Weapons
 a - a +1 hand axe (weapon)
Armour
 b - a +0 animal skin
 c - a +2 leather armour of cold resistance (worn)
 e - a +0 ring mail
Jewellery
 g - an amulet of reflection (around neck)
Potions
 d - a potion of invisibility {unknown}
 f - a potion of attraction {unknown}
 h - a potion of cancellation {unknown}


   Skills:
 + Level 4.2 Fighting
 + Level 4.1 Axes
 + Level 2.6 Armour
 + Level 2.5 Dodging


You had one spell level left.
You didn't know any spells.
Your spell library was empty.

Dungeon Overview and Level Annotations

Branches:
Dungeon (2/15)

Altars:
Zin

Annotations:
D:2 Sigmund


Innate Abilities, Weirdness & Mutations

You have a pair of horns on your head.
You reflexively headbutt those who attack you in melee.


Message History

The giant cockroach is heavily wounded.
The giant cockroach misses you.
The giant cockroach bites you but does no damage.
You hit the giant cockroach.
You kill the giant cockroach!
Trog accepts your kill.
Found a stone staircase leading down.
You now have 38 gold pieces (gained 9).
Sigmund the Dreaded comes into view.
He is wielding a +0 scythe.
Sigmund gestures at you while chanting. The magic dart hits you!
A rat comes into view.
The rat squeaks loudly.
Sigmund gestures at you while chanting.
You are confused.
You see here a bubbling emerald potion.
Sigmund flickers, as though insubstantial.
Sigmund closely misses you.
A ball python comes into view.
You are too confused!
You're too confused to move!
The ball python hisses angrily.
The rat twitches its whiskers.
Sigmund hits you with a +0 scythe! The rat bites you but does no damage.
Sigmund gestures at you while chanting.
You are more confused.
The rat closely misses you. Sigmund hits you but does no damage.
The rat barely misses you. The ball python barely misses you.
The ball python completely misses you. Sigmund hits you with a +0 scythe!
* * * LOW HITPOINT WARNING * * *
You closely miss the rat. Your headbutt misses the rat.
You hit the ball python.
You kill the ball python!
Trog accepts your kill.
You hit Sigmund. The rat barely misses you. Sigmund hits you with a +0 scythe.
You die...
Sigmund begins carving another notch in his scythe.

##.#.#.#########
...###.........
.
#.#.#.#..######
..#.##.##..#
...........#
.........!.#
..........##
........r@#
#......†.@#
#........##
##.......#
....#...##
#####...# #....
##... ##.


You could see Sigmund and a rat.

Vanquished Creatures
  5 ball pythons
  An endoplasm (D:1)
  2 giant cockroaches
  A hobgoblin (D:1)
  3 jackals (D:1)
  3 quokkas
  A bat (D:2)
  2 frilled lizards
  3 goblins (D:1)
  A kobold (D:1)
  4 rats (D:1)
26 creatures vanquished.

Notes
Turn   | Place    | Note
-------+----------+-------------------------------------------
     0 | D:1      | TheScarfBastard the Minotaur Berserker began the quest for
                  | the Orb.
     0 | D:1      | Reached XP level 1. HP: 19/19 MP: 0/0
   356 | D:1      | Reached XP level 2. HP: 27/27 MP: 1/1
   849 | D:2      | Found a glowing silver altar of Zin.
   966 | D:2      | Noticed Sigmund
   977 | D:2      | Slain by Sigmund

Illustrated notes

Levels and vault maps discovered:
D:1:      amcnicky_arrival_underground_garden, layout_loops_ring,
          minmay_pentomino_s2
D:2:      layout_loops_ring, ebering_ecumenical_altar_mist, basic_altar,
          uniq_sigmund

Skill      XL: |  1  2 |
---------------+-------+-----
Fighting       | 4 |  4.2
Axes           | 4 |  4.1
Armour         | |  2.6
Dodging        | |  2.5

Action                     || total
---------------------------++-------
  Melee: Hand axe          ||    52
         Headbutt          ||     5
    Use: Scroll            ||     3
 Armour: Animal skin       ||     9
         Ring mail         ||    15
         Leather armour    ||     8
  Dodge: Dodged            ||    36
  Block: Other             ||     4

Table legend: (Time is in decaauts)
 A = Elapsed time spent in this place.
 B = Non-inter-level travel time spent in this place.
 C = Inter-level travel time spent in this place.
 D = Time resting spent in this place.
 E = Time spent auto-exploring this place.
 F = Levels seen in this place.
 G = Mean time per level.
                   A        B        C        D        E       F      G
               +--------+--------+--------+--------+--------+-----+--------+
         Total |    982 |    919 |     63 |      0 |    665 |   2 |  491.0 |
       Dungeon |    982 |    919 |     63 |      0 |    665 |   2 |  491.0 |
               +--------+--------+--------+--------+--------+-----+--------+

Top non-repeatable levels by time:
     D:1: 804 daAuts
     D:2: 177 daAuts
